 Dungeon Crawl Stone Soup version 0.22-a0-305-gd21a89c538 (webtiles) character file.

57 FollowTheCloud the Caller (level 3, -1/29 HPs)
             Began as a Draconian Summoner on Mar 30, 2018.
             Slain by a gnoll (7 damage)
             ... on level 2 of the Dungeon.
             The game lasted 00:05:04 (1596 turns).

FollowTheCloud the Caller (Draconian Summoner)      Turns: 1596, Time: 00:05:05

Health: -1/29      AC:  5    Str: 10    XL:     3   Next: 73%
Magic:  4/6        EV: 12    Int: 16    God:
Gold:   11         SH:  0    Dex: 11    Spells: 1/7 levels left

rFire    . . .     SeeInvis .   c - +0 dagger
rCold    . . .     Gourm    .   (no shield)
rNeg     . . .     Faith    .   (armour unavailable)
rPois    .         Spirit   .   (helmet restricted)
rElec    .         Reflect  .   (no cloak)
rCorr    .         Harm     .   (no gloves)
MR       .....                  (no boots)
Stlth    ++........             (no amulet)
HPRegen  0.09/turn              (no ring)
MPRegen  0.10/turn              (no ring)

@: no status effects
A: unfitting armour, cold-blooded, AC +5
a: no special abilities


You were on level 2 of the Dungeon.
You were not hungry.

You visited 1 branch of the dungeon, and saw 2 of its levels.

You collected 11 gold pieces.

Inventory:

Hand Weapons
 c - a +0 dagger (weapon)
Jewellery
 i - an uncursed ring of poison resistance {unknown}
 k - an uncursed ring of protection from cold {unknown}
Scrolls
 e - a scroll of identify {unknown}
 h - a scroll of amnesia {unknown}
 j - a scroll of teleportation {unknown}
Potions
 a - a potion of mutation {unknown}
 d - 2 potions of heal wounds {unknown}
 f - 2 potions of resistance {unknown}
 g - a potion of haste {unknown}
Comestibles
 b - a ration


   Skills:
 + Level 1.7 Fighting
 + Level 2.3 Dodging
 - Level 1.7 Stealth
 + Level 2.5 Spellcasting
 + Level 4.4 Summonings


You had one spell level left.
You knew the following spells:

 Your Spells              Type           Power        Failure   Level  Hunger
a - Summon Small Mammal   Summ           ###.         3%          1    #......
b - Call Imp              Summ           ###.....     4%          2    ##.....
c - Call Canine Familiar  Summ           ###.....     10%         3    ###....


Dungeon Overview and Level Annotations

Branches:
Dungeon (2/15)

Altars:


Innate Abilities, Weirdness & Mutations

Your plain brown scales are hard. (AC +5)
You cannot fit into any form of body armour.
You are cold-blooded and may be slowed by cold attacks.


Message History

r - Retreat! s - Stop attacking. g - Guard the area. f - Follow me.
Anything else - Cancel.
Gang up on whom?
Press: ? - help, Dir - move target cursor, f - gnoll
Aim: a gnoll (moderately wounded) Attack!
The gnoll hits you but does no damage.
Your rat closely misses the gnoll.
Your quokka bites the gnoll but does no damage.
The gnoll hits your rat with a whip!
Your rat dies!
Your rat's corpse disappears in a puff of smoke!
Your quokka bites the gnoll.
Your quokka disappears in a puff of smoke!
The gnoll barely misses you. The gnoll barely misses you.
The gnoll hits you with a whip!
* * * LOW HITPOINT WARNING * * *
The gnoll hits you!
You die...

.............#
.............#####
.................#
.................#
.s...............###
#..................#
...........(..g....#
..............sg...#
...(.###########@..#
..†).# #.g.# .....#
#...# .....# #...#
.#.### #...# .#.#
#...# .#.# #...#
.#.# #...# .#.#
#####


You could see 3 gnolls and a giant cockroach.

Vanquished Creatures
  2 dart slugs
  A ball python (D:1)
  A bat (D:2)
  4 giant cockroaches
  2 goblins (D:1)
  A hobgoblin (D:1)
  4 jackals (D:1)
  3 kobolds
  3 rats (D:1)
21 creatures vanquished.

Vanquished Creatures (collateral kills)
  A gnoll (D:2)
  2 adders (D:2)
  An ooze (D:1)
  A ball python (D:1)
  2 goblins
  3 jackals (D:1)
  A bat (D:1)
  2 frilled lizards
  3 kobolds
  2 rats (D:1)
18 creatures vanquished.

Grand Total: 39 creatures vanquished

Notes
Turn   | Place    | Note
-------+----------+-------------------------------------------
     0 | D:1      | FollowTheCloud the Draconian Summoner began the quest for the Orb.
     0 | D:1      | Reached XP level 1. HP: 14/14 MP: 3/3
   330 | D:1      | Reached XP level 2. HP: 22/22 MP: 5/5
   392 | D:1      | Reached skill level 1 in Fighting
   942 | D:1      | Learned a level 2 spell: Call Imp
  1042 | D:1      | Reached XP level 3. HP: 26/28 MP: 3/6
  1371 | D:2      | Learned a level 3 spell: Call Canine Familiar
  1596 | D:2      | Slain by a gnoll

Vault maps used:
D:1:      saegor_arrival_simple_f
D:2:      first_ration, uniq_jessica

Skill      XL: |  1  2 |
---------------+-------+-----
Dodging        | 2 |  2.3
Fighting       | 1 |  1.7
Stealth        | |  1.7
Spellcasting   | |  2.5
Summonings     | |  4.4

Action                   || total
-------------------------++-------
Melee: Unarmed           ||    37
       Tailslap          ||    13
       Dagger            ||   105
 Cast: Summon Small Mamm ||    33
       Call Imp          ||     2
  Eat: Chunk             ||     3
Armor: Skin              ||    61
Dodge: Dodged            ||   133

Table legend:
 A = Spawn XP
 B = Non-spawn XP
 C = Spawn XP percentage of total XP
 D = Spawn monster count
 E = Non-spawn monster count
 F = Spawn count percentage of total count
 G = Total turns spent on level
                    A         B        C        D         E        F      G
               +---------+---------+-------+---------+---------+-------+---------
         Total |       0 |      82 |   0.0 |       0 |      39 |   0.0 |  1596
               +---------+---------+-------+---------+---------+-------+---------
           D:1 |       0 |      48 |   0.0 |       0 |      28 |   0.0 |  1282
           D:2 |       0 |      34 |   0.0 |       0 |      11 |   0.0 |   314
               +---------+---------+-------+---------+---------+-------+---------
